 Dungeon Crawl Stone Soup version 0.20.0-8-g6b59dc7 (webtiles) character file.

14991 Monsterracer the Grappler (level 11, -1/102 HPs)
             Began as a Troll Monk on May 30, 2017.
             Was an Elder of Ru.
             Slain by a spiny frog (13 damage)
             ... on level 4 of the Lair of Beasts.
             The game lasted 00:25:32 (11317 turns).

Monsterracer the Grappler (Troll Monk)             Turns: 11317, Time: 00:25:33

Health: -1/102     AC: 14    Str: 21    XL:     11   Next: 96%
Magic:  6/10       EV: 16    Int:  6    God:    Ru [****..]
Gold:   726        SH: 10    Dex: 15    Spells: 10/10 levels left

rFire    . . .     SeeInvis .     - Unarmed
rCold    + + +     Gourm    +   r - +0 shield
rNeg     . . .     Faith    .   g - +4 skin of Zhor {rC+++}
rPois    +         Spirit   .   A - +2 hat
rElec    .         Reflect  .   p - +1 cloak
rCorr    .         Harm     .   (gloves unavailable)
MR       +....                  (boots unavailable)
Stlth    ++........             (no amulet)
Regen    0.7/turn               B - +3 ring of evasion
MPRegen  0.2/turn               h - ring of protection from magic

@: exhausted
A: unfitting armour, claws 3, horns 1, rugged brown scales 1, fast metabolism 3,
frail 1, gourmand, poison resistance, regeneration 1, shaggy fur 1, tough skin
2, inability to use devices, hated by all, disrupted magic 1, missing an eye
a: Draw Out Power, Power Leap, Renounce Religion


You were on level 4 of the Lair of Beasts.
You worshipped Ru.
Ru was greatly pleased with you.
You were completely stuffed.

You visited 3 branches of the dungeon, and saw 14 of its levels.
You also visited: Volcano.

You collected 726 gold pieces.

Inventory:

Armour
 g - the +4 skin of Zhor (worn) {rC+++}
   (You acquired it on level 6 of the Dungeon)

   It renders you almost immune to cold.
 p - a +1 cloak (worn)
 r - a +0 shield (worn)
 A - a +2 hat (worn)
Jewellery
 h - a ring of protection from magic (right claw)
 i - the ring "Titaf" {rPois rN+++ Str-5 SInv}
   (You acquired it on level 2 of the Lair of Beasts)

   [ring of see invisible]

   It affects your strength (-5).
   It protects you from poison.
   It renders you almost immune to negative energy.
   It lets you see invisible.
 q - an uncursed ring of ice
 B - a +3 ring of evasion (left claw)
Scrolls
 a - 2 scrolls of blinking
 d - a scroll of magic mapping
 e - 5 scrolls of identify
 f - 3 scrolls of remove curse
 k - 5 scrolls of teleportation
Potions
 m - 2 potions of flight
 n - 2 potions of brilliance
 s - a potion of mutation
 v - 2 potions of curing
Comestibles
 b - 8 bread rations
 c - 7 meat rations
 l - 2 royal jellies
 u - 5 fruits


   Skills:
 + Level 7.6 Fighting
 + Level 7.6 Dodging
 - Level 1.0 Stealth
 + Level 5.0 Shields
 * Level 13.9 Unarmed Combat


You had 10 spell levels left.
You didn't know any spells.

Dungeon Overview and Level Annotations

Branches:
Dungeon (9/15)             Temple (1/1) D:6            Lair (4/6) D:8
 Shoals (0/4) Lair:2        Snake (0/4) Lair:3
    Orc: D:9-12

Altars:
Ashenzari
Cheibriados
Dithmenos
Elyvilon
Fedhas
Gozag
Hepliaklqana
Kikubaaqudgha
Makhleb
Nemelex Xobeh
Okawaru
Qazlal
Ru
Sif Muna
Trog
Uskayaw
Vehumet
Xom
Yredelemnul
Zin
The Shining One

Shops:
D:6 [   D:8 }

Annotations:
Lair:3 exclusion: 2 oklob plants


Innate Abilities, Weirdness & Mutations

You are too large for most types of armour.
You have claws for hands.
Your metabolism is lightning-fast.
You like to eat raw meat.
Your natural rate of healing is unusually fast.
You are covered in fur. (AC +1)
You have very tough skin. (AC +2)
You cannot study or use magical devices.
You are hated by all.
Your casting is slightly disrupted.
You are missing an eye, making it more difficult to aim.
You have a pair of small horns on your head.
You are partially covered in rugged brown scales. (AC +1, +3% HP)
You are frail. (-10% HP)
Your system is resistant to poisons. (rPois)


Message History

You barely miss the ten-headed hydra. You headbutt the ten-headed hydra.
The ten-headed hydra is moderately wounded.
The crocodile bites you!
* * * LOW HITPOINT WARNING * * *
The ten-headed hydra bites you.
* * * LOW HITPOINT WARNING * * *
The ten-headed hydra misses you.
You block the ten-headed hydra's attack. x2
The ten-headed hydra bites you!
* * * LOW HITPOINT WARNING * * *
You block the ten-headed hydra's attack. x2
The ten-headed hydra misses you.
The ten-headed hydra bites you but does no damage. x2
You block the crocodile's attack.
A spiny frog comes into view.
There is a stone staircase leading up, spattered with blood here.
All of the chunks of flesh in your inventory have rotted away.
The ten-headed hydra is no longer blind.
The spiny frog stings you!
You die...

............≈≈#≈≈......
........P.).≈≈≈§≈....#
....##..PP............
.###......P........P..
#..................#
##.................§
#.(....#...........
##.....F............
#.....@.tD<......#
##......##..##.###
##.######### ## ##


You could see a ten-headed hydra, a spiny frog and a crocodile.

Vanquished Creatures
  Sonja (Lair:3)
  A salamander (Lair:4)
  A merfolk siren (Lair:2)
  Maurice (D:9)
  2 black mambas
  A rime drake (Lair:2)
  2 spiny frogs
  5 komodo dragons
  A troll (D:9)
  Grinder (D:6)
  4 blink frogs (Lair:2)
  2 hippogriffs
  Sigmund (D:5)
  6 yaks
  A wyvern (Volcano)
  A fire bat (Volcano)
  2 steam dragons (Volcano)
  The ghost of KlownO the Ruffian, an amateur DrTm (D:5)
  2 hungry ghosts
  2 nagas (Lair:3)
  2 porcupines
  Duvessa (D:6)
  2 hell hounds (Lair:2)
  8 water moccasins
  4 orc warriors
  A necrophage (D:6)
  2 sky beasts (D:9)
  2 phantoms
  2 eyes of draining (D:4)
  2 black bears
  10 wolves (Lair:3)
  7 ogres
  2 centaurs
  7 crocodiles
  2 big kobolds
  6 bullfrogs
  3 scorpions
  Dowan (D:6)
  5 wights (D:7)
  12 killer bees
  A bullfrog zombie (D:6)
  3 crimson imps
  3 bullfrog skeletons
  2 hounds
  3 jellies
  A centaur skeleton (D:7)
  4 orc priests
  5 orc wizards
  7 worker ants
  2 hound skeletons
  A worker ant zombie (D:5)
  7 adders
  8 gnolls
  6 shadow imps
  An adder zombie (D:5)
  3 adder skeletons
  5 worms
  3 dart slugs
  4 leopard geckos
  24 orcs
  2 giant cockroaches
  7 goblins
  15 hobgoblins
  18 jackals
  17 kobolds
  4 quokkas
  2 ball pythons
  5 bats
  5 frilled lizards
  A quokka skeleton (D:5)
  A quokka zombie (D:5)
  4 rats
293 creatures vanquished.

Vanquished Creatures (others)
  2 steam dragons (Volcano)
  A gnoll (D:8)
  3 fungi (Lair:4)
  5 plants
11 creatures vanquished.

Grand Total: 304 creatures vanquished

Notes
Turn   | Place    | Note
-------+----------+-------------------------------------------
     0 | D:1      | Monsterracer the Troll Monk began the quest for the Orb.
     0 | D:1      | Reached XP level 1. HP: 22/22 MP: 0/0
   131 | D:1      | Gained mutation: You are occasionally teleported next to monsters. [potion of mutation]
   131 | D:1      | Gained mutation: You are agile. (Dex +2) [potion of mutation]
   131 | D:1      | Gained mutation: You are surrounded by a mild repulsion field. (EV +2) [potion of mutation]
   132 | D:1      | Lost mutation: You are surrounded by a mild repulsion field. (EV +2) [potion of mutation]
   132 | D:1      | Lost mutation: You are agile. (Dex +2) [potion of mutation]
   132 | D:1      | Gained mutation: Armour fits poorly on your strangely shaped body. [potion of mutation]
   132 | D:1      | Gained mutation: You tend to lose your temper in combat. [potion of mutation]
   132 | D:1      | Gained mutation: Your skin changes colour to match your surroundings (Stealth+). [potion of mutation]
   141 | D:1      | Reached XP level 2. HP: 29/29 MP: 1/1
   411 | D:1      | Reached skill level 4 in Unarmed Combat
   985 | D:2      | Reached XP level 3. HP: 36/36 MP: 2/2
  1463 | D:2      | Found a deep blue altar of Sif Muna.
  1795 | D:3      | Reached XP level 4. HP: 35/44 MP: 3/3
  1804 | D:3      | Reached skill level 5 in Unarmed Combat
  1877 | D:3      | Found a hazy altar of Hepliaklqana.
  1879 | D:3      | Lost mutation: You are occasionally teleported next to monsters. [potion of mutation]
  1879 | D:3      | Lost mutation: You tend to lose your temper in combat. [potion of mutation]
  1879 | D:3      | Lost mutation: Armour fits poorly on your strangely shaped body. [potion of mutation]
  1879 | D:3      | Lost mutation: Your skin changes colour to match your surroundings (Stealth+). [potion of mutation]
  1879 | D:3      | Gained mutation: You have a pair of small horns on your head. [potion of mutation]
  1879 | D:3      | Gained mutation: You are frail. (-10% HP) [potion of mutation]
  1879 | D:3      | Gained mutation: Your system is resistant to poisons. (rPois) [potion of mutation]
  1879 | D:3      | Gained mutation: You are partially covered in rugged brown scales. (AC +1, +3% HP) [potion of mutation]
  2040 | D:3      | Found a glowing golden altar of the Shining One.
  2306 | D:4      | Noticed an ogre
  2308 | D:4      | Killed an ogre
  2308 | D:4      | Reached skill level 6 in Unarmed Combat
  2308 | D:4      | Reached XP level 5. HP: 46/46 MP: 4/4
  2456 | D:4      | Found a stormy altar of Qazlal.
  2472 | D:4      | Found a bloodstained altar of Trog.
  2472 | D:4      | Noticed an eye of draining
  2473 | D:4      | Noticed an eye of draining
  2483 | D:4      | Killed an eye of draining
  2483 | D:4      | Reached XP level 6. HP: 54/54 MP: 0/5
  2485 | D:4      | Reached skill level 7 in Unarmed Combat
  2881 | D:4      | Reached skill level 8 in Unarmed Combat
  2966 | D:5      | Entered Level 5 of the Dungeon
  2977 | D:5      | Reached XP level 7. HP: 45/61 MP: 6/6
  3083 | D:5      | Found a shattered altar of Ashenzari.
  3236 | D:5      | Found an ancient bone altar of Kikubaaqudgha.
  3547 | D:5      | Noticed KlownO's ghost (amateur DrTm)
  3563 | D:5      | Killed KlownO's ghost
  3618 | D:5      | Noticed Sigmund
  3621 | D:5      | Reached skill level 9 in Unarmed Combat
  3623 | D:5      | Reached XP level 8. HP: 41/69 MP: 7/7
  3625 | D:5      | Killed Sigmund
  4468 | D:6      | Noticed Dowan
  4469 | D:6      | Noticed Duvessa
  4473 | D:6      | Killed Dowan
  4486 | D:6      | Killed Duvessa
  4610 | D:6      | Found a staircase to the Ecumenical Temple.
  4615 | Temple   | Entered the Ecumenical Temple
  4690 | Temple   | Became a worshipper of Ru the Awakened
  4707 | Temple   | Gained mutation: Your casting is slightly disrupted. [Ru sacrifice]
  4931 | D:6      | Found a burning altar of Makhleb.
  4933 | D:6      | Reached skill level 10 in Unarmed Combat
  4964 | D:6      | Noticed Grinder
  4981 | D:6      | Killed Grinder
  4981 | D:6      | Reached XP level 9. HP: 72/79 MP: 8/8
  4996 | D:6      | Found Dutis's Armour Shoppe.
  5302 | D:6      | Identified a scroll of acquirement
  5752 | D:7      | Reached skill level 5 in Dodging
  5937 | D:7      | Reached skill level 5 in Fighting
  5941 | D:7      | Reached skill level 11 in Unarmed Combat
  6002 | D:7      | Found a hazy altar of Hepliaklqana.
  6504 | D:7      | Reached skill level 1 in Shields
  6588 | D:8      | Found a staircase to the Lair.
  6609 | D:8      | Found Ypimiuf's Gadget Shop.
  6618 | D:8      | Gained mutation: You are hated by all. [Ru sacrifice]
  6618 | D:8      | Reached * piety under Ru
  6618 | D:8      | Reached ** piety under Ru
  6754 | D:8      | Reached XP level 10. HP: 83/89 MP: 9/9
  7542 | D:9      | Found a glowing silver altar of Zin.
  7583 | D:9      | Noticed Maurice
  7599 | D:9      | Killed Maurice
  7735 | D:9      | Reached skill level 12 in Unarmed Combat
  7939 | D:9      | Gained mutation: You are missing an eye, making it more difficult to aim. [Ru sacrifice]
  7939 | D:9      | Reached *** piety under Ru
  8166 | Lair:1   | Entered Level 1 of the Lair of Beasts
  8575 | Lair:1   | Noticed a black mamba
  8584 | Lair:1   | Killed a black mamba
  9019 | Lair:2   | Reached XP level 11. HP: 94/99 MP: 10/10
  9242 | Lair:2   | Found a dark tunnel.
  9346 | Volcano  | Entered a volcano
  9606 | Lair:2   | Reached skill level 13 in Unarmed Combat
  9751 | Lair:2   | Got a translucent wooden ring
  9775 | Lair:2   | Identified the ring of Haunah {Str+3 Dex+4} (You found it on level 2 of the Lair of Beasts)
  9852 | Lair:2   | Got a faintly glowing amber ring
  9854 | Lair:2   | Identified the ring "Titaf" {rPois rN+++ Str-5 SInv} (You acquired it on level 2 of the Lair of Beasts)
 10097 | Lair:2   | Found a staircase to the Shoals.
 10230 | Lair:3   | HP: 2/101 [komodo dragon (32)]
 10519 | Lair:3   | Noticed an oklob plant
 10519 | Lair:3   | Noticed an oklob plant
 10617 | Lair:3   | Noticed Sonja
 10618 | Lair:3   | Gained mutation: You cannot study or use magical devices. [Ru sacrifice]
 10618 | Lair:3   | Reached **** piety under Ru
 10629 | Lair:3   | Killed Sonja
 10849 | Lair:3   | Found a staircase to the Snake Pit.
 11081 | Lair:4   | Reached skill level 5 in Shields
 11146 | Lair:4   | Noticed an eight-headed hydra
 11317 | Lair:4   | Slain by a spiny frog

Skill      XL: |  1  2  3  4  5  6  7  8  9 10 11 |
---------------+----------------------------------+-----
Unarmed Combat | 4 6 8 9 10 11 12 13 | 13.9
Dodging        | 3 4 5 6 7 |  7.6
Fighting       | 3 4 5 6 7 |  7.6
Shields        | 1 3 5 |  5.0
Stealth        | |  1.0

Action                   |  1- 3 |  4- 6 |  7- 9 | 10-12 || total
-------------------------+-------+-------+-------+-------++-------
Melee: Unarmed           |   101 |    74 |   386 |   440 ||  1001
       Punch             |     5 |     3 |    17 |     1 ||    26
       Headbutt          |       |    10 |    71 |    86 ||   167
Invok: Sacrifice Essence |       |       |     1 |       ||     1
       Sacrifice Love    |       |       |     1 |       ||     1
       Sacrifice an Eye  |       |       |       |     1 ||     1
       Power Leap        |       |       |       |     3 ||     3
       Draw Out Power    |       |       |       |     2 ||     2
       Sacrifice Artific |       |       |       |     1 ||     1
  Use: Potion            |     6 |     4 |     1 |     3 ||    14
       Scroll            |       |     5 |     7 |     7 ||    19
 Stab: Sleeping          |     9 |     2 |     2 |     1 ||    14
       Distracted        |       |     1 |       |       ||     1
       Invisible         |       |       |       |     5 ||     5
  Eat: Chunk             |    17 |    11 |    39 |    46 ||   113
       Bread ration      |     1 |       |       |       ||     1
Armor: Robe              |    27 |    13 |    43 |       ||    83
       Animal skin       |       |       |    53 |   116 ||   169
Dodge: Dodged            |    37 |    38 |   217 |   237 ||   529
Block: Shield            |       |       |       |   180 ||   180
